 Dungeon Crawl Stone Soup version 0.21-a0-356-g45b0a09 (webtiles) character file.

64 grizmgrazm2 the Sneak (level 3, 0/25 HPs)
             Began as a Vampire Enchanter on Oct 12, 2017.
             Slain by a hobgoblin (3 damage)
             ... on level 1 of the Dungeon.
             The game lasted 00:05:24 (2405 turns).

grizmgrazm2 the Sneak (Vampire Enchanter)           Turns: 2405, Time: 00:05:25

Health: 0/25       AC:  2    Str:  8    XL:     3   Next: 91%
Magic:  2/6        EV: 13    Int: 17    God:
Gold:   56         SH:  0    Dex: 14    Spells: 1/7 levels left

rFire    . . .     SeeInvis +   a - +1 dagger
rCold    + + .     Gourm    .   (no shield)
rNeg     + + +     Faith    .   b - +0 robe
rPois    ∞         Spirit   .   (no helmet)
rElec    .         Reflect  .   (no cloak)
rCorr    .         Harm     .   (no gloves)
MR       .....                  (no boots)
Stlth    +++++.....             (no amulet)
HPRegen  0.00/turn              (no ring)
MPRegen  0.10/turn              (no ring)

@: bloodless, non-regenerating
A: fangs 3, see invisible, unbreathing
a: Bat Form


You were on level 1 of the Dungeon.
You were bloodless.

You visited 1 branch of the dungeon, and saw 2 of its levels.

You collected 56 gold pieces.

Inventory:

Hand Weapons
 a - a +1 dagger (weapon)
Armour
 b - a +0 robe (worn)
Jewellery
 e - an uncursed ring of protection from cold {unknown}
Scrolls
 f - 2 scrolls of remove curse {unknown}
Potions
 d - 11 potions of blood
 g - 2 potions of curing {unknown}
 h - a potion of lignification {unknown}
 i - a potion of degeneration {unknown}
Books
 c - a book of Maledictions

   Spells                             Type                      Level
   a - Corona                         Hexes                        1
   b - Ensorcelled Hibernation        Hexes/Ice                    2
   c - Confuse                        Hexes                        3
   d - Tukima's Dance                 Hexes                        3
   e - Dazzling Spray                 Conjuration/Hexes            3


   Skills:
 + Level 0.4 Fighting
 + Level 1.6 Short Blades
 + Level 2.4 Dodging
 + Level 5.6 Stealth
 + Level 2.5 Spellcasting
 + Level 5.0 Hexes
 + Level 0.3 Ice Magic


You had one spell level left.
You knew the following spells:

 Your Spells              Type           Power        Failure   Level  Hunger
a - Ensorcelled Hibernat  Hex/Ice        ##....       10%         2    ##.....
b - Confuse               Hex            ###.....     7%          3    ###....
c - Corona                Hex            ###....      2%          1    #......


Dungeon Overview and Level Annotations

Branches:
Dungeon (2/15)

Altars:
Qazlal
Jiyva

Annotations:
D:2 Sigmund


Innate Abilities, Weirdness & Mutations

You do not heal naturally.
You are immune to poison.
You have razor-sharp teeth.
You have supernaturally acute eyesight. (SInv)
You can survive without breathing.


Message History

There is a stone staircase leading down here.
Casting: Ensorcelled Hibernation
Confirm with . or Enter, or press ? or * to list all spells.
Aiming: Ensorcelled Hibernation
Press: ? - help, Shift-Dir - straight line, f - hobgoblin
Aim: a hobgoblin (lightly wounded, chance to defeat MR: 60%)
The hobgoblin resists with significant effort.
The hobgoblin hits you.
* * * LOW HITPOINT WARNING * * *
The quokka twitches its whiskers.
The quokka bites you.
* * * LOW HITPOINT WARNING * * *
Casting: Ensorcelled Hibernation
Confirm with . or Enter, or press ? or * to list all spells.
Aiming: Ensorcelled Hibernation
Press: ? - help, Shift-Dir - straight line, f/p - hobgoblin
Aim: a hobgoblin (lightly wounded, chance to defeat MR: 60%)
The hobgoblin resists with significant effort.
The quokka barely misses you. The hobgoblin hits you.
You die...

#.#.............#.............#
......#.#..............###.##.##
........#.###..................#
#.....###.###.....#....##..##.##
..................#....##..##.#
#...(.###..............##..##.#
..................#....##..##.##
#.....###......................#
...............g@.....(.......##
#....(.....##...r.#.....#..##.#
...........................##.#
###...................÷.....#.#
♣♣###############.#.....##..#.#
....†...........#.............#
..♣.........^...#.......##..###
.♣...⌠....###...#.............#
.♣..............#...#.#.##.####


You could see a quokka and a hobgoblin.

Vanquished Creatures
  2 adders (D:2)
  2 dart slugs
  A leopard gecko (D:2)
  A giant cockroach (D:1)
  2 goblins
  4 hobgoblins
  2 jackals (D:1)
  A quokka (D:2)
  6 bats
  8 frilled lizards (D:1)
  A jackal skeleton (D:2)
  7 kobolds (D:1)
  10 rats
47 creatures vanquished.

Notes
Turn   | Place    | Note
-------+----------+-------------------------------------------
     0 | D:1      | grizmgrazm2 the Vampire Enchanter began the quest for the Orb.
     0 | D:1      | Reached XP level 1. HP: 13/13 MP: 3/3
   462 | D:1      | Noticed a jelly
   463 | D:1      | Found a viscous altar of Jiyva.
   463 | D:1      | Noticed a jelly
   463 | D:1      | Noticed a jelly
   463 | D:1      | Noticed a jelly
   464 | D:1      | Noticed a jelly
   467 | D:1      | Noticed a jelly
   467 | D:1      | Noticed a jelly
   541 | D:1      | Noticed a jelly
   591 | D:1      | Reached XP level 2. HP: 9/19 MP: 0/5
   595 | D:1      | Learned a level 2 spell: Ensorcelled Hibernation
   761 | D:1      | Reached skill level 5 in Stealth
  1526 | D:1      | Reached XP level 3. HP: 24/24 MP: 1/6
  2003 | D:2      | Reached skill level 5 in Hexes
  2036 | D:2      | Learned a level 3 spell: Confuse
  2103 | D:2      | Noticed Sigmund
  2310 | D:2      | Found a stormy altar of Qazlal.
  2405 | D:1      | Slain by a hobgoblin

Vault maps used:
D:1:      erik_arrival_cave_to_civilisation, minmay_lizard_pond
D:2:      overflow_temple_1_default, nicolae_overflow_hidden_temple,
          first_bread, minivault_4, uniq_sigmund

Skill      XL: |  1  2  3 |
---------------+----------+-----
Stealth        | 5 |  5.6
Hexes          | 5 |  5.0
Fighting       | |  0.4
Short Blades   | |  1.6
Dodging        | |  2.4
Spellcasting   | |  2.5
Ice Magic      | |  0.3

Action                   || total
-------------------------++-------
Melee: Dagger            ||   104
       Bite              ||     2
 Cast: Corona            ||     9
       Ensorcelled Hiber ||    32
  Use: Potion            ||     1
 Stab: Sleeping          ||    26
Armor: Robe              ||    17
Dodge: Dodged            ||    72

Table legend:
 A = Spawn XP
 B = Non-spawn XP
 C = Spawn XP percentage of total XP
 D = Spawn monster count
 E = Non-spawn monster count
 F = Spawn count percentage of total count
 G = Total turns spent on level
                    A         B        C        D         E        F      G
               +---------+---------+-------+---------+---------+-------+---------
         Total |       0 |      92 |   0.0 |       0 |      47 |   0.0 |  2405
               +---------+---------+-------+---------+---------+-------+---------
           D:1 |       0 |      47 |   0.0 |       0 |      34 |   0.0 |  1899
           D:2 |       0 |      45 |   0.0 |       0 |      13 |   0.0 |   506
               +---------+---------+-------+---------+---------+-------+---------
